 Dungeon Crawl Stone Soup version 0.30-a0-414-gcb316572d5 (webtiles) character file.

Game seed: 6564224276516192069

5554 LnG the Covert (level 11, -5/60 HPs)
             Began as a Kobold Summoner on Dec 6, 2022.
             Was a Believer of Dithmenos.
             Slain by a centaur
             ... wielding a +2 hand axe of freezing
              (7 damage)
             ... while paralysed by a centaur
             ... on level 7 of the Dungeon on Dec 7, 2022.
             The game lasted 00:31:49 (10628 turns).

LnG the Covert (Kobold Summoner)                   Turns: 10628, Time: 00:31:50

Health: -5/60      AC:  4    Str:  5    XL:     11   Next: 2%
Magic:  20/20      EV:  3    Int: 21    God:    Dithmenos [**....]
Gold:   1336       SH:  0    Dex: 16    Spells: 10/23 levels left

rFire   . . .      SeeInvis +    E - +4 short sword (drain)
rCold   . . .      Faith    .    (no shield)
rNeg    . . .      Spirit   .    a - +0 robe
rPois   .          Reflect  .    (no helmet)
rElec   .          Harm     .    (no cloak)
rCorr   .          Rampage  .    f - +0 pair of gloves
Will    .....                    g - +0 pair of boots
Stlth   ++++++++..               (no amulet)
HPRegen 0.30/turn                u - ring of see invisible
MPRegen 0.17/turn                o - ring of wizardry

@: paralysed, wreathed by umbra
A: small, no large weapons, nightstalker 3
a: Renounce Religion, Shadow Step


You were on level 7 of the Dungeon.
You worshipped Dithmenos.
Dithmenos was pleased with you.
You visited 2 branches of the dungeon, and saw 8 of its levels.
You also visited: Ossuary and Bailey.

You collected 1504 gold pieces.
You spent 168 gold pieces at shops.

Inventory:

Hand Weapons
 d - a +0 dagger
 E - a +4 short sword of draining (weapon)
Armour
 a - a +0 robe (worn)
 f - a +0 pair of gloves (worn)
 g - a +0 pair of boots (worn)
Jewellery
 o - a ring of wizardry (right hand)
 u - a ring of see invisible (left hand)
 F - a ring of resist corrosion
 H - a ring of wizardry
Wands
 A - a wand of flame (6)
 C - a wand of iceblast (8)
Scrolls
 e - 3 scrolls of vulnerability
 h - 3 scrolls of teleportation
 k - a scroll of silence
 l - 2 scrolls of amnesia
 m - 3 scrolls of enchant armour
 p - 2 scrolls of immolation
 q - 2 scrolls of magic mapping
 y - a scroll of blinking
 B - a scroll of fear
 G - a scroll of noise
Potions
 b - 3 potions of magic
 c - 2 potions of degeneration
 i - a potion of heal wounds
 j - 5 potions of attraction
 n - a potion of berserk rage {unknown}
 r - a potion of mutation {unknown}
 s - a potion of resistance {unknown}
 t - 3 potions of lignification
 v - 4 potions of curing
 w - a potion of invisibility {unknown}
 x - 2 potions of brilliance {unknown}
 z - a potion of haste {unknown}


   Skills:
 + Level 3.5 Fighting
 + Level 5.8 Short Blades
 * Level 8.9 Dodging
 * Level 13.2 Stealth
 + Level 6.5 Spellcasting
 + Level 2.0 Hexes
 + Level 6.8 Summonings
 + Level 1.4 Air Magic


You had 10 spell levels left.
You knew the following spells:

 Your Spells              Type           Power      Damage    Failure   Level
a - Summon Small Mammal   Summ           100%       N/A       1%          1
b - Call Imp              Summ           35%        N/A       1%          2
c - Call Canine Familiar  Summ           35%        N/A       1%          3
d - Summon Guardian Gole  Hex/Summ       25%        N/A       1%          3
e - Summon Lightning Spi  Summ/Air       24%        N/A       7%          4

Your spell library contained the following spells:

 Spells                   Type           Power      Damage    Failure   Level
 Slow                     Hex            60%        N/A       1%          1
 Shock                    Conj/Air       36%        1d5       2%          1
 Necrotise                Necr           24%        1d5       4%          1
 Confusing Touch          Hex            15%        N/A       4%          3
 Swiftness                Air            13%        N/A       6%          3
 Vampiric Draining        Necr           6%         2d6       12%         3
 Summon Mana Viper        Hex/Summ       25%        N/A       16%         5
 Airstrike                Air            6%         2d(1-17)  21%         4
 Summon Forest            Summ/Tloc      10%        N/A       26%         5
 Summon Cactus Giant      Summ           17%        N/A       32%         6
 Agony                    Necr           6%         N/A       67%         5
 Summon Hydra             Summ           17%        N/A       86%         7
 Eringya's Noxious Bog    Tmut/Pois      3%         N/A       99%         6


Dungeon Overview and Level Annotations

Branches:
Dungeon (7/15)             Temple (1/1) D:5         Ossuary (visited)
 Bailey (visited)

Altars:
Ashenzari
Dithmenos
Makhleb
Nemelex Xobeh
Sif Muna
Trog
Vehumet
Wu Jian
Yredelemnul

Shops:
D:1 [   D:7 *

Annotations:
D:4 1 runed translucent door
D:5 exclusion: statue


Innate Abilities, Weirdness & Mutations

You are small and have problems with some larger weapons.
You are completely attuned to the shadows.


Message History

You hit the centaur.
The centaur is severely wounded.
The centaur hits you with a +2 hand axe of freezing!
The centaur freezes you. The centaur closely misses you.
You barely miss the centaur.
The centaur is severely wounded.
The centaur hits you with a +2 hand axe of freezing.
The centaur freezes you. The centaur misses you.
You hit the centaur.
The centaur is almost dead.
The centaur completely misses you. The centaur barely misses you.
You barely miss the centaur.
The centaur is almost dead.
The centaur hits you with a +2 hand axe of freezing!
The centaur freezes you. The centaur misses you.
You hit the centaur but do no damage.
The centaur is almost dead.
The centaur zaps a wand.
You suddenly lose the ability to move!
The centaur hits you with a +2 hand axe of freezing.
The centaur freezes you.
The centaur kicks you but does no damage.
The centaur zaps a wand.
You easily resist.
The centaur hits you with a +2 hand axe of freezing.
The centaur freezes you.
* * * LOW HITPOINT WARNING * * *
The centaur kicks you.
* * * LOW HITPOINT WARNING * * *
The centaur hits you with a +2 hand axe of freezing.
* * * LOW HITPOINT WARNING * * *
The centaur freezes you.
* * * LOW HITPOINT WARNING * * *
The centaur kicks you.
* * * LOW HITPOINT WARNING * * *
The centaur hits you with a +2 hand axe of freezing.
* * * LOW HITPOINT WARNING * * *
The centaur freezes you.
* * * LOW HITPOINT WARNING * * *
The centaur kicks you but does no damage.
The centaur hits you with a +2 hand axe of freezing!
You die...

*##### *#..... ##....#.
##.......
###############.<......
#.#.#)#†#†#_##8........
#'#'#'#'#'#'###..#....#
#.....@c.....'...##..##
#'#'#'#'#'#'###.....###
#.#.#.#.#.#.##8........
###############....####
#........# #....######.
##.......###....#.#.##.
###........##.........#.
#..(........#......#....
#....##..#........##....


You could see a centaur (drained).

Vanquished Creatures
  Prince Ribbit (D:5)
  Edmund (D:6)
  A water moccasin (D:4)
  10 orc warriors (Bailey)
  2 black bears
  A sky beast (D:5)
  A hornet zombie (D:7)
  A centaur (D:6)
  A phantom (D:5)
  A bullfrog (D:6)
  4 necrophages (D:7)
  9 scorpions
  A wight (D:7)
  2 vampire bats (D:6)
  A howler monkey (D:5)
  2 centaur zombies (Ossuary)
  A bullfrog zombie (D:7)
  A human zombie (Ossuary)
  2 hounds
  2 orc priests
  A jelly (D:4)
  3 iguanas
  An orc wizard (D:6)
  3 scorpion zombies (Ossuary)
  4 mummies (D:7)
  A gnoll (D:5)
  2 adders
  2 dart slugs
  15 orcs
  10 endoplasms
  2 giant cockroaches
  4 hobgoblins
  2 jackals (D:1)
  2 kobolds
  6 quokkas
  9 ball pythons
  10 bats
  3 frilled lizards
  7 goblins
  A goblin zombie (Ossuary)
  A hobgoblin zombie (Ossuary)
  2 kobold zombies (Ossuary)
  3 rats
139 creatures vanquished.

Vanquished Creatures (collateral kills)
  A wyvern (D:7)
  2 orc warriors (Bailey)
  4 scorpions
  A necrophage (D:5)
  A killer bee (D:6)
  3 hounds (D:4)
  3 human zombies (Ossuary)
  2 jellies
  2 iguanas (D:4)
  A scorpion zombie (Ossuary)
  2 mummies (Ossuary)
  3 gnolls
  An adder (D:2)
  A dart slug (D:2)
  7 orcs
  2 endoplasms
  2 goblins (D:1)
  2 kobolds
  2 quokkas
  2 goblin zombies (Ossuary)
  An orc zombie (Ossuary)
  A rat (D:2)
46 creatures vanquished.

Vanquished Creatures (others)
  2 orc knights (Bailey)
  An orc warrior (Bailey)
  A mummy (Ossuary)
  A plant (D:1)
5 creatures vanquished.

Grand Total: 190 creatures vanquished

Notes
Turn   | Place    | Note
-------+----------+-------------------------------------------
     0 | D:1      | LnG the Kobold Summoner began the quest for the Orb.
     0 | D:1      | Reached XP level 1. HP: 10/10 MP: 3/3
   193 | D:1      | Found Zabam's Antique Armour Emporium.
   366 | D:1      | Reached XP level 2. HP: 15/15 MP: 5/5
   369 | D:1      | Learned a level 2 spell: Call Imp
   467 | D:1      | Reached skill level 3 in Stealth
  1157 | D:1      | Reached XP level 3. HP: 5/19 MP: 1/6
  1728 | D:2      | Reached skill level 4 in Stealth
  1733 | D:2      | Learned a level 3 spell: Call Canine Familiar
  1953 | D:2      | Reached XP level 4. HP: 24/24 MP: 7/7
  2231 | D:2      | Identified the +2 ring mail of Cem Naci {*Slow rF+++ Regen+
                  | Dex-3}
  2862 | D:3      | Found a faded altar of an unknown god.
  2892 | D:3      | Found a shimmering blue altar of Sif Muna.
  3085 | D:3      | Reached skill level 1 in Short Blades
  3297 | D:3      | Reached XP level 5. HP: 28/28 MP: 8/8
  3674 | D:3      | Reached skill level 5 in Stealth
  3936 | D:4      | Found a sand-covered staircase.
  3942 | Ossuary  | Entered an ossuary
  3961 | Ossuary  | Reached skill level 6 in Stealth
  3961 | Ossuary  | Reached XP level 6. HP: 33/33 MP: 9/9
  3965 | Ossuary  | Learned a level 3 spell: Summon Guardian Golem
  4009 | Ossuary  | Reached skill level 1 in Fighting
  4155 | Ossuary  | Reached skill level 7 in Stealth
  4248 | Ossuary  | Reached XP level 7. HP: 7/38 MP: 6/10
  4527 | Ossuary  | Reached skill level 8 in Stealth
  4688 | Ossuary  | Reached skill level 1 in Hexes
  4688 | Ossuary  | Reached XP level 8. HP: 43/43 MP: 13/13
  4844 | Ossuary  | Reached skill level 5 in Summonings
  5026 | Ossuary  | Upgraded the game from 0.30-a0-394-g3e4acdb0ae to
                  | 0.30-a0-414-gcb316572d5
  5061 | Ossuary  | Identified a scroll of acquirement
  5064 | Ossuary  | Acquired a Fen Folio
  5147 | D:4      | Reached skill level 5 in Dodging
  5155 | D:4      | Learned a level 4 spell: Summon Lightning Spire
  5475 | D:4      | Reached skill level 9 in Stealth
  5480 | D:4      | Found an ornate altar of the Wu Jian Council.
  5687 | D:4      | Reached XP level 9. HP: 20/48 MP: 2/15
  6238 | D:4      | Found a runed translucent door.
  6455 | D:5      | Entered Level 5 of the Dungeon
  6461 | D:5      | Noticed Prince Ribbit
  6465 | D:5      | Killed Prince Ribbit
  6466 | D:5      | Reached skill level 10 in Stealth
  6590 | D:5      | Reached skill level 5 in Spellcasting
  6726 | D:5      | Found a bloodstained altar of Trog.
  6829 | D:5      | Found a shadowy altar of Dithmenos.
  6834 | D:5      | Became a worshipper of Dithmenos the Shadowed
  7357 | D:5      | Found a radiant altar of Vehumet.
  7730 | D:5      | Found a staircase to the Ecumenical Temple.
  7931 | Temple   | Entered the Ecumenical Temple
  8033 | D:6      | Noticed Edmund
  8037 | D:6      | Killed Edmund
  8096 | D:6      | Found a broken altar of Ashenzari.
  8186 | D:6      | Reached skill level 11 in Stealth
  8401 | D:6      | Reached * piety under Dithmenos
  8864 | D:6      | Reached XP level 10. HP: 51/55 MP: 18/18
  9237 | D:7      | Found a flagged portal.
  9243 | Bailey   | Entered a bailey
  9448 | Bailey   | Reached skill level 5 in Short Blades
  9482 | Bailey   | Reached skill level 12 in Stealth
  9906 | Bailey   | Noticed an orc knight
  9906 | Bailey   | Noticed an orc knight
  9952 | Bailey   | Killed an orc knight
  9953 | Bailey   | Reached skill level 1 in Air Magic
  9971 | Bailey   | Killed an orc knight
  9971 | Bailey   | Reached ** piety under Dithmenos
  9972 | Bailey   | Reached skill level 13 in Stealth
 10146 | Bailey   | Acquired 1175 gold pieces
 10180 | D:7      | Found Meyjoan's Assorted Antiques.
 10183 | D:7      | Bought 3 scrolls of identify for 168 gold pieces
 10187 | D:7      | Found a sparkling altar of Nemelex Xobeh.
 10549 | D:7      | Found a basalt altar of Yredelemnul.
 10591 | D:7      | Reached XP level 11. HP: 60/60 MP: 20/20
 10624 | D:7      | Paralysed by a centaur for 4 turns
 10627 | D:7      | HP: 2/60 [centaur/+2 hand axe of freezing (3)]
 10628 | D:7      | Slain by a centaur

Illustrated notes

Levels and vault maps discovered:
D:1:      denvon_arrival_planthouse, layout_loops_corners, serial_forest,
          infiniplex_forest_end_2, infiniplex_forest_3_way,
          infiniplex_forest_clump_curved, infiniplex_forest_split,
          infiniplex_forest_lined_room_2, infiniplex_forest_lined_corner,
          infiniplex_forest_side_room, infiniplex_forest_lined_ring,
          serial_shops, nicolae_shop_competitors_out_of_business
D:2:      layout_loops_corners, kennysheep_generic_room_15
D:3:      layout_basic, nicolae_sif_muna_condensation,
          nicolae_ecumenical_snake_handling
D:4:      layout_loops_ring, mainiacjoe_overflow_catwalk,
          lightli_ossuary_entry_decrepit_ruins, ebering_ghost_reflecting_pool
D:5:      layout_layer_cave, grunt_dithmenos_smoke, general_overflow_altar,
          vehumet_statue, minmay_temple_entry_poolview, uniq_prince_ribbit1
D:6:      layout_loops_ring, mainiacjoe_overflow_tiny_flanked, roderic_batcave,
          chequers_serial_rivers_small_3, uniq_edmund
D:7:      layout_cave_pools, lemuel_mausoleum_altar_yredelemnul,
          nicolae_ru_the_path_less_chosen, mainiacjoe_overflow_chevrons,
          serial_shops, nicolae_shop_trees, enter_bailey_8, nrook_loot_triangle
Temple:   ebering_the_one_and_only

Skill      XL: |  1  2  3  4  5  6  7  8  9 10 11 |
---------------+----------------------------------+-----
Stealth        | 3 4 6 7 8 9 11 13 | 13.2
Dodging        | 3 4 5 7 8 |  8.9
Short Blades   | 1 2 3 4 5 |  5.8
Fighting       | 1 2 3 |  3.5
Spellcasting   | 3 4 5 6 |  6.5
Hexes          | 1 2 |  2.0
Summonings     | 5 6 |  6.8
Air Magic      | 1 |  1.4

Action                   |  1- 3 |  4- 6 |  7- 9 | 10-12 || total
-------------------------+-------+-------+-------+-------++-------
Melee: Dagger            |    70 |   207 |   255 |       ||   532
       Unarmed           |     1 |       |       |       ||     1
       Punch             |     1 |     3 |     4 |     1 ||     9
       Short sword       |       |       |    71 |    97 ||   168
 Cast: Summon Small Mamm |    10 |       |     1 |       ||    11
       Call Imp          |     4 |       |     9 |     1 ||    14
       Call Canine Famil |     1 |     7 |    27 |     7 ||    42
       Summon Guardian G |       |       |     1 |     5 ||     6
       Summon Lightning  |       |       |       |     8 ||     8
  Use: Scroll            |       |     2 |    10 |     8 ||    20
       Potion            |       |       |     4 |       ||     4
 Stab: Sleeping          |    14 |    25 |    23 |    20 ||    82
       Distracted        |       |     1 |     6 |       ||     7
Armor: Robe              |    11 |    27 |    81 |    11 ||   130
Dodge: Dodged            |    55 |   129 |   404 |    88 ||   676

Table legend: (Time is in decaauts)
 A = Elapsed time spent in this place.
 B = Non-inter-level travel time spent in this place.
 C = Inter-level travel time spent in this place.
 D = Time resting spent in this place.
 E = Time spent auto-exploring this place.
 F = Levels seen in this place.
 G = Mean time per level.
                   A        B        C        D        E       F      G
               +--------+--------+--------+--------+--------+-----+--------+
         Total |  10532 |  10186 |    346 |   1361 |   6602 |  10 | 1053.2 |
       Dungeon |   8470 |   8124 |    346 |    548 |   6257 |   7 | 1210.0 |
        Temple |      5 |      5 |      0 |      0 |      0 |   1 |    5.0 |
       Ossuary |   1154 |   1154 |      0 |    420 |    270 |   1 | 1154.0 |
        Bailey |    902 |    902 |      0 |    393 |     75 |   1 |  902.0 |
               +--------+--------+--------+--------+--------+-----+--------+

Top non-repeatable levels by time:
     D:5: 1711 daAuts
     D:1: 1646 daAuts
     D:4: 1338 daAuts
     D:3: 1189 daAuts
 Ossuary: 1154 daAuts
     D:2: 1078 daAuts
     D:6: 980 daAuts
  Bailey: 902 daAuts
     D:7: 525 daAuts
  Temple: 5 daAuts
